 Seeded DCSS version 0.30.0-29-ga12c61a403 (webtiles) character file.

Game seed: 18007716519941398942 (custom seed)

10 Dadbod the Shield-Bearer (level 2, 24/24 HPs)
             Began as a Formicid Fighter on June 5, 2023.
             Quit the game on level 1 of the Dungeon.
             The game lasted 00:00:55 (126 turns).

Dadbod the Shield-Bearer (Formicid Fighter)          Turns: 126, Time: 00:00:55

Health: 24/24      AC:  6    Str: 20    XL:     2   Next: 30%
Magic:  2/2        EV:  9    Int:  7    God:
Gold:   1234       SH:  5    Dex: 13    Spells: 1/1 levels left

rFire   . . .        a - +0 war axe
rCold   . . .        c - +0 buckler
rNeg    . . .        b - +0 scale mail
rPois   .            (helmet unavailable)
rElec   .            (no cloak)
rCorr   .            (no gloves)
SInv    +            (no boots)
Will    .....        (no amulet) Stlth
                     (no ring)
HPRegen 0.24/turn    (no ring)
MPRegen 0.08/turn

%: no passive effects
@: no status effects
A: permanent stasis, dig shafts and tunnels, antennae 3, four strong arms
a: Dig, Shaft Self


You were on level 1 of the Dungeon.
You visited 1 branch of the dungeon, and saw 1 of its levels.

You collected 1234 gold pieces.

Inventory:

Hand Weapons
 a - a +0 war axe (weapon)
Armour
 b - a +0 scale mail (worn)
 c - a +0 buckler (worn)
 h - the +0 tower shield "Hema" {Str+5}
   (You acquired it on level 1 of the Dungeon)

   Str:       It affects your strength (+5).
Scrolls
 e - a scroll of magic mapping {unknown}
 g - a scroll of acquirement
Potions
 d - a potion of might
 f - a potion of berserk rage {unknown}


   Skills:
 + Level 3.4 Fighting
 + Level 2.0 Axes
 + Level 3.5 Armour
 + Level 4.3 Shields


You had one spell level left.
You didn't know any spells.
Your spell library was empty.

Dungeon Overview and Level Annotations

Branches:
Dungeon (1/15)

Altars:


Innate Abilities, Weirdness & Mutations

You cannot be hasted, slowed, berserked, paralysed or teleported.
You can dig through walls and to a lower floor.
You have a pair of large antennae on your head. (SInv)
Your four strong arms can wield two-handed weapons with a shield.


Message History

You closely miss the hobgoblin.
The hobgoblin hits you but does no damage.
You slash the hobgoblin!
You kill the hobgoblin!
You have reached level 2!
Found a long sword.
Found 2 lumpy sapphire potions.
Found a scroll labelled UNKIPPOYZU.
You sense a monster nearby.
A goblin comes into view. It is wielding a +0 dagger.
You see here a scroll labelled UNKIPPOYZU.
You barely miss the goblin. You block the goblin's attack.
You closely miss the goblin. The goblin hits you but does no damage.
You barely miss the goblin. The goblin hits you but does no damage.
You block the goblin's attack.
You hit the goblin.
You kill the goblin!
You see here a +0 dagger.
An endoplasm and a frilled lizard come into view.
Found 3 scrolls labelled DICAOL JAOKK.
The endoplasm quivers.
The frilled lizard hisses angrily.
You slash the endoplasm!
You kill the endoplasm!
You closely miss the frilled lizard.
The frilled lizard barely misses you. x2
You miss the frilled lizard. The frilled lizard barely misses you.
You miss the frilled lizard.
The frilled lizard bites you but does no damage.
You block the frilled lizard's attack.
You closely miss the frilled lizard. You block the frilled lizard's attack.
You slash the frilled lizard!
You kill the frilled lizard!
You see here a frilled lizard corpse.
g - 3 scrolls labelled DICAOL JAOKK This is a scroll of acquirement!
Something appears at your feet!
You now have 1234 gold pieces.
Something appears at your feet!
h - the +0 tower shield "Hema" {Str+5} Are you sure you want to abandon this character and quit the game? (Confirm with "yes".)

.............
..##.#.######
.# #.#.# .
#.#.# #.#..
#.### #######
#.# #.. ..#
###.##### #.#
#.# #......)#
#.# #@#
#.#.##.## #.#
#.# #.#..#.#
##.###.#{ #
##.#.#
#...).†# .#.#
#.?###.# {
.#.# #..# #.#
.#.# #..# ###
.#.# #..# #.#
#..#


There were no monsters in sight!

Vanquished Creatures
  An endoplasm (D:1)
  A giant cockroach (D:1)
  A goblin (D:1)
  A hobgoblin (D:1)
  3 jackals (D:1)
  A frilled lizard (D:1)
8 creatures vanquished.

Notes
Turn   | Place    | Note
-------+----------+-------------------------------------------
     0 | D:1      | Dadbod the Formicid Fighter began the quest for the Orb.
     0 | D:1      | Reached XP level 1. HP: 18/18 MP: 1/1
    67 | D:1      | Reached XP level 2. HP: 24/24 MP: 2/2
   122 | D:1      | Identified 3 scrolls of acquirement
   122 | D:1      | Acquired 1234 gold pieces
   124 | D:1      | Acquired the +0 tower shield "Hema" {Str+5}
   126 | D:1      | Quit the game

Illustrated notes

Levels and vault maps discovered:
D:1:      psy_arrival_dodecagon, layout_basic,
          dreamdust_ecumenical_altar_sealed_demon

Action                     || total
---------------------------++-------
  Melee: War axe           ||    21
    Use: Scroll            ||     2
 Armour: Scale mail        ||     7
  Dodge: Dodged            ||    12
  Block: Buckler           ||     7
